Description

uThermal's take on Byun ebay block into hellion runby into mine drop into 3-1-1 push If Toss goes for stargate don't do the widow mine drop but cyclone-viking instead. Article on TerranCraft for analysis : https://terrancraft.com/2020/09/17/tvp-engineering-bay-block-expand-opening/ Alternative VOD with Cyclone - viking : https://youtu.be/Wip2rx_WjMc

VOD

https://www.youtube.com/watch?v=xJk4yXD-6ts

Replay - 2020-09-18 - (T)jungler (Uthermal) VS (P)Jeżozwierz

Build Order

Get SALT Encoding   

  12  0:00  SCV  
  13  0:12  SCV  
  14  0:16  Supply Depot  
  14  0:24  SCV  
  14  0:27  Refinery  
  15  0:38  SCV  
  16  0:44  Barracks  
  16  0:50  SCV  
  17  1:02  SCV  
  18  1:13  Engineering Bay  
  18  1:14  SCV  
  19  1:31  Marine  
  19  1:32  Orbital Command  
  20  1:39  Factory  
  20  1:47  Supply Depot  
  20  1:50  Barracks Reactor  
  20  1:57  SCV  
  21  2:09  SCV  
  22  2:18  Command Center  
  22  2:30  Hellion x2  
  22  2:34  Supply Depot  
  26  2:38  SCV  
  27  2:46  Starport  
  27  2:52  Hellion  
  27  2:57  Hellion  
  33  3:14  Widow Mine x2  
  36  3:24  Medivac  
  38  3:29  Barracks Tech Lab  
  39  3:35  Refinery  
  39  3:38  Widow Mine  
  39  3:39  Orbital Command  
  42  3:49  Widow Mine  
  43  4:02  Refinery  
  39  4:12  Starport Tech Lab, Bunker  
  39  4:16  Marine x2  
  41  4:22  Siege Tank  
  46  4:29  Supply Depot  
  48  4:34  Barracks  
  48  4:36  Marine x2  
  53  4:52  Raven  
  53  4:57  Marine  
  53  4:59  Barracks  
  57  5:01  Supply Depot  
  57  5:05  Marine  
  55  5:07  Siege Tank  
  59  5:15  Engineering Bay  
  59  5:17  Marine  
  62  5:33  Marine x2  
  65  5:44  Terran Infantry Weapons Level 1  
  65  5:46  Stimpack  
  65  5:49  Starport Reactor  
  65  5:55  Marauder, Factory Reactor, Combat Shield  
  69  6:04  Refinery  
  69  6:06  Marauder  
  71  6:16  Marauder  
  75  6:22  Missile Turret  
  75  6:26  Medivac x2  
  75  6:27  Missile Turret  
  75  6:30  Marauder  
  82  6:35  Widow Mine x2  
  82  6:37  Marauder  
  91  6:55  Marauder x2  
  91  6:56  Widow Mine x2  
  91  6:57  Medivac  
  101  7:04  Medivac  
  103  7:11  Command Center  
  105  7:19  Widow Mine x2  
  105  7:21  Marauder  
  111  7:28  Marauder  
  113  7:30  Medivac  
  116  7:43  Marauder  
  124  8:07  Barracks x2  
Spawning Tool Build Advisor. Get it on Overwolf

Go to:

Details

  • Created by: Ajaxvitre
  • Published on: Sep 20, 2020
  • Modified on: Sep 20, 2020
  • Patch: 4.11.0
  • Difficulty: Hard
Show
View Real Time Build Order
Export as new Build Order

Comments (0)

There are no comments. Be the first!

Create an account to comment!